 Dungeon Crawl Stone Soup version 0.31-a0-233-g139696dc86 (webtiles) character file.

Game seed: 3967697398695383194

138 qw the Shooter (level 5, -1/41 HPs)
             Began as a Minotaur Hexslinger on July 8, 2023.
             Succumbed to a scorpion's poison
             ... on level 3 of the Dungeon.
             The game lasted 00:00:39 (1899 turns).

qw the Shooter (Minotaur Hexslinger)                Turns: 1899, Time: 00:00:40

Health: -1/41      AC:  5    Str: 12    XL:     5   Next: 1%
Magic:  5/5        EV: 11    Int: 10    God:
Gold:   79         SH:  0    Dex: 15    Spells: 5/6 levels left

rFire   . . .        Y - +1 sling
rCold   . . .        (no shield)
rNeg    . . .        g - +0 ring mail
rPois   .            (helmet restricted)
rElec   .            (no cloak)
rCorr   .            (no gloves)
SInv    .            (no boots)
Will    .....        (no amulet)
Stlth   +            (no ring)
HPRegen 0.26/turn    (no ring)
MPRegen 0.09/turn

%: no passive effects
@: lethally poisoned (-1 -> -7)
A: horns 2, retaliatory headbutt
a: no special abilities


You were on level 3 of the Dungeon.
You visited 1 branch of the dungeon, and saw 3 of its levels.

You collected 101 gold pieces.
You spent 22 gold pieces at shops.


Innate Abilities, Weirdness & Mutations

You have a pair of horns on your head.
You reflexively headbutt those who attack you in melee.


   Skills:
 + Level 2.0 Fighting
 - Level 5.0 Ranged Weapons
 - Level 2.3 Armour
 - Level 2.1 Dodging
 - Level 1.0 Spellcasting
 - Level 2.0 Hexes


You had 5 spell levels left.
You knew the following spells:

 Your Spells              Type           Power      Damage    Failure   Level
a - Slow                  Hex            16%        N/A       32%         1

Your spell library contained the following spells:

 Spells                   Type           Power      Damage    Failure   Level
 Inner Flame              Hex/Fire       2%         N/A       83%         3
 Portal Projectile        Hex/Tloc       4%         N/A       83%         3
 Cause Fear               Hex            2%         N/A       97%         4

Inventory:

Hand Weapons
 Y - a +1 sling (weapon)
Armour
 g - a +0 ring mail (worn)
Scrolls
 a - a scroll of identify
Potions
 d - a potion of might {unknown}
 e - a potion of brilliance {unknown}
 f - 2 potions of enlightenment
 i - a potion of mutation {unknown}

Dungeon Overview and Level Annotations

Branches:
Dungeon (3/15)

Altars:

Shops:
D:2 *

Annotations:
D:2 1 runed translucent door, Crazy Yiuf


Message History

You shoot a sling bullet.
The sling bullet closely misses the scorpion.
The scorpion stings you. x2
You shoot a sling bullet.
The sling bullet hits the scorpion but does no damage.
The scorpion is severely wounded.
The scorpion completely misses you.
You shoot a sling bullet.
The sling bullet hits the scorpion but does no damage.
The scorpion is severely wounded.
The scorpion closely misses you. The scorpion misses you.
You shoot a sling bullet.
The sling bullet completely misses the scorpion.
The scorpion stings you.
You are poisoned.
The scorpion poisons you!
You shoot a sling bullet.
The sling bullet closely misses the scorpion.
You feel very sick.
The scorpion stings you but does no damage.
The scorpion stings you.
You are more poisoned.
The scorpion poisons you!
You shoot a sling bullet. The sling bullet hits the scorpion.
The scorpion is severely wounded.
You feel very sick.
The scorpion stings you but does no damage.
You shoot a sling bullet.
The sling bullet hits the scorpion but does no damage.
The scorpion is severely wounded.
You feel very sick. The scorpion stings you. The scorpion misses you.
You furiously retaliate!
You headbutt the scorpion. You shoot a sling bullet.
The sling bullet closely misses the scorpion.
You feel very sick. The scorpion stings you. The scorpion barely misses you.
You shoot a sling bullet.
The sling bullet barely misses the scorpion.
You die...

......###.##
....####...##
....###...?>## ####
..####.......#### ...
..###...........##.##
...# #.......##.#...#
...# ##.....###...#.#
...# ##...## #.#...#
...######)## #.#@####
...##.###.# #.###s#
...#.#.##.##.# #..
....###....##.# #...
..)## ##.#.....#
.....
....###.....#.#..
.$.. ...#.#.####.# #
... ...##.## .# ###
...#### .#


You could see a scorpion.

Vanquished Creatures
  A hound (D:2)
  An iguana (D:3)
  A gnoll (D:2)
  3 adders
  2 dart slugs
  3 endoplasms
  A giant cockroach (D:2)
  3 goblins
  5 hobgoblins
  5 kobolds
  2 quokkas
  5 ball pythons
  2 bats (D:2)
  5 frilled lizards
  4 rats
43 creatures vanquished.

Notes
Turn   | Place    | Note
-------+----------+-------------------------------------------
     0 | D:1      | qw the Minotaur Hexslinger began the quest for the Orb.
     0 | D:1      | Reached XP level 1. HP: 16/16 MP: 1/1
     0 | D:1      | 0 ||| qw: Version: 0.3-a-46-gb1f654a
     0 | D:1      | 0 ||| qw: Game counter: 3401
     0 | D:1      | 0 ||| qw: Melee chars always use a shield: true
     0 | D:1      | 0 ||| qw: God list: Okawaru
     0 | D:1      | 0 ||| qw: Allow faded altars: false
     0 | D:1      | 0 ||| qw: Do Orc after clearing Dungeon:15 true
     0 | D:1      | 0 ||| qw: Do second Lair branch before Depths: true
     0 | D:1      | 0 ||| qw: Lair rune preference: random
     0 | D:1      | 0 ||| qw: Goals: Normal
     0 | D:1      | 0 ||| PLANNING D:1-11
   179 | D:1      | You fall into a shaft and drop 1 floor!
   203 | D:2      | 203 ||| UPGRADING to +0 ring mail.
   213 | D:2      | 213 ||| DROPPING +0 robe.
   214 | D:2      | 214 ||| DROPPING ring of wizardry.
   215 | D:2      | 215 ||| READING scroll labelled ZOXTUF MOTEKI.
   216 | D:2      | 216 ||| DROPPING scroll of poison.
   223 | D:2      | Reached skill level 3 in Ranged Weapons
   235 | D:1      | Reached XP level 2. HP: 23/23 MP: 2/2
   646 | D:1      | 646 ||| READING scroll labelled TURGHU GYCHUA.
   647 | D:1      | 647 ||| READING scroll labelled WOFOLI FASEPT.
   648 | D:1      | 648 ||| DRINKING 2 fizzy emerald potions.
   776 | D:2      | Reached XP level 3. HP: 22/29 MP: 3/3
   859 | D:2      | Reached skill level 4 in Ranged Weapons
   870 | D:2      | Reached XP level 4. HP: 20/36 MP: 4/4
  1369 | D:2      | Found a runed translucent door.
  1370 | D:2      | Noticed Crazy Yiuf
  1451 | D:2      | Found Cellyt's Assorted Antiques.
  1456 | D:2      | 1456 ||| SHOPLISTING +3 pair of seven-league boots
                  | {Rampage+∞} (1000 gold, have 69).
  1456 | D:2      | 1456 ||| BUYING amethyst potion (22 gold).
  1456 | D:2      | Bought an amethyst potion for 22 gold pieces
  1456 | D:2      | 1456 ||| SHOPLISTING encrusted fluorescent wand (100 gold,
                  | have 47).
  1456 | D:2      | 1456 ||| SHOPLISTING runed robe (92 gold, have 47).
  1519 | D:2      | 1519 ||| DROPPING ring of flight.
  1520 | D:2      | 1520 ||| READING scroll labelled NOV GUROPUG.
  1584 | D:2      | 1584 ||| DRINKING 2 amethyst potions.
  1629 | D:2      | 1629 ||| DROPPING potion of lignification.
  1859 | D:3      | Reached skill level 5 in Ranged Weapons
  1859 | D:3      | Reached XP level 5. HP: 41/41 MP: 5/5
  1897 | D:3      | HP: 10/41 [poisoned by a scorpion]
  1898 | D:3      | HP: 1/41 [scorpion (4)]
  1899 | D:3      | Succumbed to a scorpion's poison

Levels and vault maps discovered:
D:1:      kennysheep_arrival_seaside, layout_loops_ring
D:2:      layout_loops_ring, serial_shops, nicolae_shop_tiny_waterfront,
          minmay_surrounded, uniq_crazy_yiuf_cottage
D:3:      layout_loops_cross

Skill      XL: |  1  2  3  4 |
---------------+-------------+-----
Ranged Weapons | 3 4 5 |  5.0
Fighting       | 2 |  2.0
Armour         | 2 |  2.3
Dodging        | |  2.1
Spellcasting   | |  1.0
Hexes          | |  2.0

Action                     |  1- 3 |  4- 6 || total
---------------------------+-------+-------++-------
   Fire: Sling             |    83 |    72 ||   155
    Use: Scroll            |     3 |     1 ||     4
         Potion            |     1 |     1 ||     2
 Armour: Robe              |     1 |       ||     1
         Ring mail         |    25 |    13 ||    38
  Dodge: Dodged            |    40 |    23 ||    63

Table legend:
 A = Non-vault XP
 B = Vault XP
 C = Vault XP percentage of total XP
 D = Non-vault monster count
 E = Vault monster count
 F = Vault count percentage of total count
                 A         B        C        D         E       F
            +---------+---------+-------+---------+---------+-------
      Total |     179 |      19 |   9.6 |      38 |       5 |  11.6
            +---------+---------+-------+---------+---------+-------
        D:1 |      23 |       0 |   0.0 |      13 |       0 |   0.0
        D:2 |      93 |      19 |  17.0 |      16 |       5 |  23.8
        D:3 |      63 |       0 |   0.0 |       9 |       0 |   0.0
            +---------+---------+-------+---------+---------+-------
